 Dungeon Crawl Stone Soup version 0.21-a0-578-gc6e9d75 (webtiles) character file.

268 rabbitfr the Basher (level 6, 0/51 HPs)
             Began as a Minotaur Berserker on Dec 18, 2017.
             Was a Priest of Trog.
             Succumbed to Statics's ghost's poison
             ... on level 3 of the Dungeon.
             The game lasted 00:06:54 (2767 turns).

rabbitfr the Basher (Minotaur Berserker)            Turns: 2767, Time: 00:06:59

Health: 0/51       AC:  9    Str: 23    XL:     6   Next: 0%
Magic:  5/5        EV:  8    Int:  4    God:    Trog [***...]
Gold:   100        SH:  0    Dex: 10    Spells: 5/5 levels left

rFire    . . .     SeeInvis .   v - +1 lajatang
rCold    . . .     Gourm    .   (shield currently unavailable)
rNeg     . . .     Faith    .   n - +0 chain mail
rPois    .         Spirit   .   (helmet restricted)
rElec    .         Reflect  .   (no cloak)
rCorr    .         Harm     .   d - +0 pair of gloves
MR       .....                  (no boots)
Stlth    ..........             (no amulet)
HPRegen  0.17/turn              (no ring)
MPRegen  0.09/turn              (no ring)

@: lethally poisoned (0 -> -10)
A: retaliatory headbutt, horns 2
a: Berserk, Trog's Hand, Burn Spellbooks, Renounce Religion


You were on level 3 of the Dungeon.
You worshipped Trog.
Trog was most pleased with you.
You were not hungry.

You visited 1 branch of the dungeon, and saw 4 of its levels.

You collected 100 gold pieces.

Inventory:

Hand Weapons
 a - a +0 mace
 v - a +1 lajatang (weapon)
Missiles
 l - a throwing net
 u - 5 tomahawks (quivered)
Armour
 b - a +0 animal skin
 d - a +0 pair of gloves (worn)
 n - a +0 chain mail (worn)
Wands
 t - a wand of flame (11)
Scrolls
 e - 2 scrolls of remove curse
 f - 6 scrolls of identify {unknown}
 g - 2 scrolls of immolation {unknown}
 m - a scroll of fear {unknown}
 p - 2 scrolls of teleportation {unknown}
 r - 2 scrolls of amnesia {unknown}
Potions
 h - a potion of brilliance {unknown}
 i - a potion of degeneration {unknown}
 j - 2 potions of curing {unknown}
 k - a potion of flight {unknown}
 o - a potion of lignification {unknown}
 s - 2 potions of agility {unknown}
 w - a potion of haste {unknown}
Comestibles
 c - 11 rations


   Skills:
 - Level 3.6 Fighting
 + Level 8.0 Maces & Flails
 - Level 0.7(5.0) Staves
 - Level 2.4 Armour
 - Level 2.1 Dodging
 - Level 0.4 Stealth


You had 5 spell levels left.
You didn't know any spells.

Dungeon Overview and Level Annotations

Branches:
Dungeon (4/15)
 Temple: D:4-7

Altars:
Gozag
Hepliaklqana
Nemelex Xobeh
Okawaru
Sif Muna
Yredelemnul

Annotations:
D:3 Menkaure
D:4 Statics's ghost, amateur GnWn


Innate Abilities, Weirdness & Mutations

You reflexively headbutt those who attack you in melee.
You have a pair of horns on your head.


Message History

You feel sick. Statics's ghost barely misses you. Statics's ghost hits you.
You are more poisoned.
You barely miss Statics's ghost. Your headbutt misses Statics's ghost.
Statics's ghost is heavily damaged.
You feel sick. Menkaure hits you! Statics's ghost closely misses you.
Menkaure hits you!
You closely miss Statics's ghost.
Statics's ghost is heavily damaged.
You feel sick. Menkaure hits you!
* * * LOW HITPOINT WARNING * * *
Statics's ghost hits you.
* * * LOW HITPOINT WARNING * * *
* * * LOW HITPOINT WARNING * * *
You feel sick.
Menkaure calls on the powers of darkness!
You feel a surge of unholy energy. Statics's ghost closely misses you.
You furiously retaliate!
You headbutt Statics's ghost!
You climb upwards.
The ghost fades into the shadows.
Statics's ghost disappears!
Statics's ghost reappears nearby!
You die...

.#####.#.#...##....#.###.....# ##
'#####.#.#...###.#.#.....#######
.....#.#.........#....##.##....#
..####.#####..#..#....##.##.##.##
.##≈≈####≈≈##.........##.##......
.#≈≈≈≈≈≈≈≈≈≈.............#...#...
.##≈≈####≈≈##....#.....###.#.#..#
..#≈##≈≈#######..#.....# #.#.#..#
..#≈#≈≈≈≈≈≈#...M@#....## #.......
..#≈#≈.≈≈†≈#.######...#####..#.##
..#≈##≈≈##≈#..........##.....#...
###≈≈####≈≈#######....##)##.#####
#≈≈≈≈≈†≈≈≈≈##...........##......
##≈≈####≈≈##'.........##########
#### ######.....÷...#
#...###.....###### #...#
#..........#


You could see Menkaure.

Vanquished Creatures
  An orc priest (D:3)
  3 orc wizards
  A worker ant (D:3)
  2 adders
  A river rat (D:3)
  An ooze (D:1)
  2 worms
  A dart slug (D:1)
  2 leopard geckos
  7 orcs
  19 giant cockroaches
  8 hobgoblins
  6 jackals
  A ball python (D:3)
  4 bats
  3 frilled lizards
  3 goblins
  7 kobolds
  10 rats
82 creatures vanquished.

Notes
Turn   | Place    | Note
-------+----------+-------------------------------------------
     0 | D:1      | rabbitfr the Minotaur Berserker began the quest for the Orb.
     0 | D:1      | Reached XP level 1. HP: 19/19 MP: 0/0
    33 | D:1      | Reached skill level 4 in Maces & Flails
   105 | D:1      | Reached XP level 2. HP: 26/26 MP: 1/1
   341 | D:1      | Reached skill level 5 in Maces & Flails
   373 | D:1      | Reached ** piety under Trog
   373 | D:1      | Reached XP level 3. HP: 30/31 MP: 2/2
   886 | D:2      | Found a sparkling altar of Nemelex Xobeh.
  1078 | D:2      | Found an opulent altar of Gozag.
  1346 | D:2      | Found an iron altar of Okawaru.
  1391 | D:2      | Reached XP level 4. HP: 39/39 MP: 3/3
  1580 | D:2      | Reached skill level 6 in Maces & Flails
  1715 | D:2      | Found a hazy altar of Hepliaklqana.
  1994 | D:3      | Found a deep blue altar of Sif Muna.
  2102 | D:3      | Reached *** piety under Trog
  2231 | D:3      | Reached XP level 5. HP: 31/45 MP: 4/4
  2234 | D:3      | Reached skill level 7 in Maces & Flails
  2327 | D:3      | Found a basalt altar of Yredelemnul.
  2432 | D:3      | Found a glowing drain.
  2620 | D:4      | Noticed Statics's ghost (amateur GnWn)
  2626 | D:4      | Noticed Menkaure
  2760 | D:4      | Reached skill level 8 in Maces & Flails
  2760 | D:4      | Reached XP level 6. HP: 51/51 MP: 5/5
  2766 | D:4      | HP: 1/51 [poisoned by Statics's ghost]
  2767 | D:3      | Succumbed to Statics's ghost's poison

Vault maps used:
D:1:      minmay_arrival_split_and_join, lemuel_flame_loot_1
D:2:      minmay_roachtagon, lemuel_crystal_altar, lemuel_round_altar,
          grunt_gozag_breadcrumbs, nemelex_xobeh_ov_fountains_minmay
D:3:      nicolae_overflow_crystal_walls, lemuel_doored_altar,
          gup_sewer_entry_bubbles, first_ration, kennysheep_nub,
          wad_floor_pattern_untrapped
D:4:      uniq_menkaure

Skill      XL: |  1  2  3  4  5 |
---------------+----------------+-----
Maces & Flails | 4 5 6 8 |  8.0
Fighting       | |  3.6
Staves         | |  0.7
Armour         | |  2.4
Dodging        | |  2.1
Stealth        | |  0.4

Action                   |  1- 3 |  4- 6 || total
-------------------------+-------+-------++-------
Melee: Mace              |    93 |    21 ||   114
       Headbutt          |     9 |    10 ||    19
       Lajatang          |       |    67 ||    67
Invok: Berserk           |       |     1 ||     1
       Trog's Hand       |       |     1 ||     1
  Use: Scroll            |       |     4 ||     4
  Eat: Chunk             |       |     7 ||     7
Armor: Animal skin       |    24 |     7 ||    31
       Chain mail        |       |    52 ||    52
Dodge: Dodged            |    76 |    45 ||   121

Table legend:
 A = Spawn XP
 B = Non-spawn XP
 C = Spawn XP percentage of total XP
 D = Spawn monster count
 E = Non-spawn monster count
 F = Spawn count percentage of total count
 G = Total turns spent on level
                    A         B        C        D         E        F      G
               +---------+---------+-------+---------+---------+-------+---------
         Total |       0 |     383 |   0.0 |       0 |      82 |   0.0 |  2767
               +---------+---------+-------+---------+---------+-------+---------
           D:1 |       0 |      41 |   0.0 |       0 |      23 |   0.0 |   708
           D:2 |       0 |      68 |   0.0 |       0 |      28 |   0.0 |  1048
           D:3 |       0 |     193 |   0.0 |       0 |      28 |   0.0 |   992
           D:4 |       0 |      81 |   0.0 |       0 |       3 |   0.0 |    19
               +---------+---------+-------+---------+---------+-------+---------
